 Dungeon Crawl Stone Soup version 0.20.0 (webtiles) character file.

66525 AlphabetPasta the Tainter (level 14, 0/113 HPs)
             Began as a Minotaur Venom Mage on May 28, 2017.
             Was a High Priest of Vehumet.
             Slain by an ice devil (31 damage)
             ... on level 6 of the Lair of Beasts on May 29, 2017.
             The game lasted 03:03:23 (26359 turns).

AlphabetPasta the Tainter (Minotaur Venom Mage)    Turns: 26359, Time: 03:03:24

Health: 0/113      AC:  7    Str: 19    XL:     14   Next: 79%
Magic:  5/35       EV: 15    Int: 16    God:    Vehumet [*****.]
Gold:   1418       SH:  8    Dex: 12    Spells: 8/32 levels left

rFire    . . .     SeeInvis +   p - staff of poison
rCold    x . .     Gourm    .   G - +0 buckler
rNeg     . . .     Faith    .   O - +0 troll leather armour
rPois    +         Spirit   .   (helmet restricted)
rElec    .         Reflect  +   H - +0 cloak of Hospitality {SInv}
rCorr    .         Harm     .   (no gloves)
MR       ++...                  x - +0 pair of boots
Stlth    +.........             E - +3 amulet of reflection
Regen    0.7/turn               s - ring of Revvaest {rC- MR+ Str+6 SInv}
MPRegen  0.3/turn               g - ring of magical power

@: no status effects
A: retaliatory headbutt, horns 2
a: Renounce Religion


You were on level 6 of the Lair of Beasts.
You worshipped Vehumet.
Vehumet was extremely pleased with you.
You were hungry.

You visited 5 branches of the dungeon, and saw 21 of its levels.
You also visited: Labyrinth.

You collected 1469 gold pieces.
You spent 51 gold pieces at shops.

Inventory:

Hand Weapons
 a - a +4 trident of venom
 t - a +2 flail of protection
 I - a +4 quarterstaff of flaming
Missiles
 r - 10 javelins (quivered)
Armour
 f - a +0 shield
 x - a +0 pair of boots (worn)
 G - a +0 buckler (worn)
 H - the +0 cloak of Hospitality (worn) {SInv}
   (You found it on level 6 of the Dungeon)

   It lets you see invisible.
 O - a +0 troll leather armour (worn)
Magical Staves
 p - an uncursed staff of poison (weapon)
Jewellery
 d - an uncursed ring of protection from magic
 g - a ring of magical power (right hand)
 h - an uncursed ring of protection from fire
 s - the ring of Revvaest (left hand) {rC- MR+ Str+6 SInv}
   (You found it on level 4 of the Dungeon)

   [ring of see invisible]

   It affects your strength (+6).
   It makes you vulnerable to cold.
   It affects your resistance to hostile enchantments.
   It lets you see invisible.
 C - an uncursed ring of positive energy
 E - a +3 amulet of reflection (around neck)
 Q - an uncursed ring of protection from cold
Wands
 q - a wand of iceblast (8/15)
 v - a wand of flame (25/48)
 F - a wand of paralysis (14/24)
 P - a wand of lightning (0/15)
 R - a wand of digging (11/24)
 S - a wand of acid (6/15)
Scrolls
 i - 9 scrolls of remove curse
 j - 7 scrolls of identify
 k - 2 scrolls of magic mapping
 m - 4 scrolls of fog
 n - a scroll of blinking
 z - 6 scrolls of teleportation
 B - 2 scrolls of recharging
 M - 3 scrolls of enchant armour
 U - a scroll of summoning
Potions
 e - 3 potions of curing
 u - 2 potions of flight
 w - 7 potions of cancellation
 A - 2 potions of berserk rage
 J - a potion of resistance
 K - 2 potions of ambrosia
 W - a potion of might
 Y - a potion of agility
 Z - a potion of brilliance
Books
 b - a Young Poisoner's Handbook

   Spells                             Type                      Level
   a - Sting                          Conjuration/Poison           1
   b - Poisonous Vapours              Poison/Air                   2
   c - Mephitic Cloud                 Conjuration/Poison/Air       3
   d - Olgreb's Toxic Radiance        Poison                       4
   e - Venom Bolt                     Conjuration/Poison           5
 D - a book of Geomancy

   Spells                             Type                      Level
   a - Sandblast                      Earth                        1
   b - Passwall                       Transmutation/Earth          2
   c - Stone Arrow                    Conjuration/Earth            3
   d - Petrify                        Transmutation/Earth          4
   e - Lee's Rapid Deconstruction     Earth                        5
Miscellaneous
 y - a phial of floods
 N - 4 sacks of spiders
 T - a fan of gales
Comestibles
 c - 9 bread rations
 l - 8 meat rations
 o - 3 royal jellies


   Skills:
 + Level 7.1 Fighting
 - Level 4.2(5.8) Polearms
 + Level 6.0(6.6) Staves
 - Level 3.0 Throwing
 + Level 7.1 Armour
 + Level 7.0 Dodging
 - Level 1.5 Stealth
 - Level 6.4 Shields
 * Level 9.8 Spellcasting
 + Level 5.8 Conjurations
 - Level 3.2 Air Magic
 + Level 7.2 Earth Magic
 * Level 10.6 Poison Magic
 - Level 3.6 Evocations


You had 8 spell levels left.
You knew the following spells:

 Your Spells              Type           Power        Failure   Level  Hunger
a - Sting                 Conj/Pois      ####         1%          1    None
b - Poisonous Vapours     Pois/Air       #####.       1%          2    None
c - Mephitic Cloud        Conj/Pois/Air  #####...     1%          3    None
d - Olgreb's Toxic Radia  Pois           ######..     1%          4    ###....
e - Stone Arrow           Conj/Erth      ####..       1%          3    None
f - Sticky Flame          Conj/Fire      ###.....     9%          4    ###....
g - Lee's Rapid Deconstr  Erth           ####......   4%          5    #####..
h - Blink                 Tloc           N/A          16%         2    None


Dungeon Overview and Level Annotations

Branches:
Dungeon (12/15)            Temple (1/1) D:5            Lair (6/6) D:10
  Swamp (1/4) Lair:3        Snake (1/4) Lair:2        Slime (0/5) Lair:6
    Orc (0/2) D:10

Altars:
Ashenzari
Cheibriados
Dithmenos
Elyvilon
Fedhas
Gozag
Hepliaklqana
Kikubaaqudgha
Makhleb
Nemelex Xobeh
Okawaru
Qazlal
Ru
Sif Muna
Trog
Uskayaw
Vehumet
Xom
Yredelemnul
Zin
The Shining One

Shops:
D:4 [%[*=


Innate Abilities, Weirdness & Mutations

You reflexively headbutt those who attack you in melee.
You have a pair of horns on your head.


Message History

You barely miss the ice devil.
The ice devil is severely wounded.
The ice devil hits you. The ice devil freezes you!!
You feel a terrible chill!
You hit the ice devil but do no damage.
The ice devil is severely wounded.
You block the ice devil's attack.
You barely miss the ice devil.
The ice devil is severely wounded.
You barely miss the ice devil.
The ice devil is severely wounded.
You block the ice devil's attack.
You closely miss the ice devil.
The ice devil is almost dead.
You block the ice devil's attack.
You hit the ice devil but do no damage.
The ice devil is almost dead.
The ice devil hits you!
* * * LOW HITPOINT WARNING * * *
The ice devil freezes you!!
You feel a terrible chill!
You die...

.♣♣♣ ♣♣..♣♣..♣ #..8.8. ...♣
♣..♣..♣♣ #...... ...♣ ♣♣..♣♣♣
♣♣♣♣♣+###### ...♣ ♣♣..♣♣
♣♣.♣♣.♣♣♣ ...♣ ♣♣..♣♣
♣♣.......♣♣♣ ..♣♣
♣♣♣♣♣♣♣..♣♣♣..÷♣♣♣....♣♣♣ ..♣
♣♣♣...♣♣♣♣.♣..♣♣♣♣ ♣♣♣♣...♣ ..♣
♣♣♣.......♣..4♣♣♣ ♣♣...
..♣♣♣..♣♣♣♣♣♣...@♣♣ ♣♣♣. .....♣♣♣
♣♣..♣♣ ♣.. ..♣♣♣♣ ♣♣†♣ ♣♣. .♣♣
♣♣.♣ ♣♣ ..♣♣ ♣♣:♣♣ ♣♣♣♣ ♣ ...♣
♣♣♣./♣♣♣♣♣♣♣ ♣♣..♣♣♣♣♣♣
#..♣♣♣♣♣♣♣♣........♣.♣♣♣.....♣...
.......♣♣........................
#.#............##..P.P...........


You could see an ice devil.

Vanquished Creatures
  2 entropy weavers (Lair:4)
  A minotaur (Lab)
  Josephine (D:10)
  An ice dragon (D:12)
  11 hydras
  An anaconda (Lair:2)
  A death knight (D:12)
  A queen ant (Lair:4)
  Erica (D:10)
  3 two-headed ogres (D:12)
  3 death yaks (D:10)
  Urug (D:9)
  Nergalle (D:10)
  A fire crab (Lair:6)
  A sixfirhy (Lair:6)
  3 unseen horrors (D:12)
  A wizard (Lair:6)
  A moth of wrath (D:4)
  3 ugly things
  3 cyclopes
  5 black mambas
  7 elephants
  A manticore (D:12)
  Joseph (D:9)
  A gargoyle (D:12)
  12 spiny frogs
  A smoke demon (Lair:6)
  6 komodo dragons
  2 orange demons (Lair:6)
  4 rime drakes
  A kobold demonologist (D:8)
  An ice devil (Lair:6)
  2 trolls
  A red devil (Lair:6)
  3 polar bears
  5 slime creatures (D:12)
  A hornet (D:11)
  7 hippogriffs
  5 blink frogs (Lair:1)
  Prince Ribbit (D:9)
  4 dream sheep (Lair:6)
  3 wyverns
  5 wraiths (D:9)
  A shadow (D:11)
  2 redbacks (Lab)
  A basilisk (Lab)
  34 yaks
  3 hungry ghosts
  Grum (D:9)
  Edmund (D:4)
  20 soldier ants
  5 hell hounds (Lair:6)
  19 water moccasins
  5 porcupines
  6 orc warriors
  2 ice beasts
  A black bear (Lair:1)
  2 phantoms (D:7)
  2 sky beasts
  10 ogres
  2 necrophages
  16 wolves
  13 centaurs
  17 crocodiles
  13 big kobolds
  12 bullfrogs
  An earth elemental (Lab)
  A gnoll sergeant (D:6)
  8 scorpions
  3 wights (D:7)
  7 killer bees
  4 howler monkeys
  3 electric eels
  8 crimson imps
  A bullfrog zombie (D:10)
  6 hounds
  4 lava snakes (Lab)
  2 quasits
  10 orc priests
  3 centaur zombies
  10 jellies
  Crazy Yiuf (D:6)
  3 bullfrog skeletons
  Jessica (D:2)
  6 iguanas
  10 orc wizards
  18 worker ants
  A hell rat (D:10)
  A howler monkey zombie (D:11)
  4 gnolls (D:6)
  11 adders
  2 shadow imps
  9 oozes
  2 adder zombies
  An adder skeleton (D:4)
  4 worms
  4 dart slugs
  4 leopard geckos
  37 orcs
  9 giant cockroaches
  9 goblins
  7 hobgoblins
  18 jackals
  15 kobolds
  5 quokkas
  9 bats
  6 frilled lizards
  17 rats
  A butterfly (D:5)
594 creatures vanquished.

Vanquished Creatures (others)
  3 elephants (Lair:6)
  A komodo dragon (Lair:6)
  An orc priest (D:12)
  8 fungi
  3 plants (Lair:4)
16 creatures vanquished.

Grand Total: 610 creatures vanquished

Notes
Turn   | Place    | Note
-------+----------+-------------------------------------------
     0 | D:1      | AlphabetPasta the Minotaur Venom Mage began the quest for the Orb.
     0 | D:1      | Reached XP level 1. HP: 14/14 MP: 1/1
   379 | D:1      | Reached skill level 1 in Armour
   379 | D:1      | Reached XP level 2. HP: 18/20 MP: 0/3
   388 | D:1      | Learned a level 2 spell: Poisonous Vapours
   696 | D:1      | Reached skill level 1 in Fighting
   721 | D:1      | Reached XP level 3. HP: 26/28 MP: 2/4
  1103 | D:1      | Reached skill level 1 in Conjurations
  1421 | D:2      | Learned a level 3 spell: Mephitic Cloud
  1474 | D:2      | Noticed Jessica
  1480 | D:2      | Killed Jessica
  1480 | D:2      | Reached XP level 4. HP: 35/35 MP: 3/6
  1544 | D:2      | Found a glowing golden altar of the Shining One.
  1716 | D:2      | Found a shadowy altar of Dithmenos.
  2069 | D:2      | Found a shimmering altar of Xom.
  2080 | D:2      | Found a basalt altar of Yredelemnul.
  2152 | D:2      | Found a white marble altar of Elyvilon.
  2387 | D:3      | Found a hide-covered altar of Uskayaw.
  2866 | D:3      | Reached skill level 3 in Poison Magic
  2866 | D:3      | Reached XP level 5. HP: 28/40 MP: 1/7
  3346 | D:4      | Found Hiun's Antique Armour Emporium.
  3369 | D:4      | Found Nigg's Food Boutique.
  3437 | D:4      | Noticed Edmund
  3499 | D:4      | Killed Edmund
  3499 | D:4      | Reached skill level 1 in Air Magic
  3499 | D:4      | Reached XP level 6. HP: 48/48 MP: 4/9
  3628 | D:4      | Found Gaivafay's Armour Shop.
  3631 | D:4      | Bought a cursed +0 pair of boots for 15 gold pieces
  3796 | D:4      | Found Ygixtueth's General Store.
  3799 | D:4      | Found Bailuthru's Jewellery Shop.
  3800 | D:4      | Bought a scroll of teleportation for 36 gold pieces
  3814 | D:4      | Learned a level 3 spell: Mephitic Cloud
  3819 | D:4      | Learned a level 4 spell: Olgreb's Toxic Radiance
  3951 | D:4      | Reached XP level 7. HP: 56/56 MP: 10/10
  4177 | D:4      | Noticed a moth of wrath
  4180 | D:4      | Found a bloodstained altar of Trog.
  4195 | D:4      | Killed a moth of wrath
  4195 | D:4      | Reached skill level 4 in Poison Magic
  4493 | D:4      | Got a faintly glowing granite ring
  4494 | D:4      | Identified the ring of Revvaest {rC- MR+ Str+6 SInv} (You found it on level 4 of the Dungeon)
  4559 | D:5      | Entered Level 5 of the Dungeon
  4590 | D:5      | Reached XP level 8. HP: 53/66 MP: 12/12
  4865 | D:5      | Found a staircase to the Ecumenical Temple.
  4872 | Temple   | Entered the Ecumenical Temple
  4981 | Temple   | Became a worshipper of Vehumet
  5181 | D:5      | Learned a level 3 spell: Stone Arrow
  5265 | D:6      | Got a heavily runed cloak
  5271 | D:6      | Identified the cursed +0 cloak of Hospitality {SInv} (You found it on level 6 of the Dungeon)
  5301 | D:6      | Found a runed door.
  5305 | D:6      | Noticed Crazy Yiuf
  5312 | D:6      | Killed Crazy Yiuf
  5608 | D:6      | Reached skill level 1 in Evocations
  5933 | D:6      | Reached skill level 1 in Earth Magic
  6128 | D:6      | Found a sacrificial altar of Ru.
  6341 | D:7      | Reached skill level 1 in Staves
  6461 | D:7      | Found a deep blue altar of Sif Muna.
  6562 | D:7      | Found an iron altar of Okawaru.
  6600 | D:7      | Found a burning altar of Makhleb.
  6666 | D:7      | Reached skill level 5 in Poison Magic
  6787 | D:7      | Reached XP level 9. HP: 59/71 MP: 14/14
  7308 | D:7      | Reached skill level 1 in Shields
  7538 | D:7      | Reached skill level 5 in Spellcasting
  7652 | D:8      | Reached * piety under Vehumet
  7652 | D:8      | Offered knowledge of Shock by Vehumet.
  7734 | D:8      | Found an ancient bone altar of Kikubaaqudgha.
  7970 | D:8      | Found a glowing silver altar of Zin.
  8000 | D:8      | Found a blossoming altar of Fedhas.
  8349 | D:8      | Noticed a kobold demonologist
  8355 | D:8      | Killed a kobold demonologist
  8356 | D:8      | Reached skill level 6 in Poison Magic
  8363 | D:8      | Offered knowledge of Throw Frost by Vehumet.
  8363 | D:8      | Reached XP level 10. HP: 78/78 MP: 14/17
  8364 | D:8      | Reached ** piety under Vehumet
  9093 | D:9      | Noticed Prince Ribbit
  9105 | D:9      | Killed Prince Ribbit
  9241 | D:9      | Noticed Grum
  9251 | D:9      | Offered knowledge of Searing Ray by Vehumet.
  9252 | D:9      | Killed Grum
  9498 | D:9      | Noticed Joseph
  9509 | D:9      | Killed Joseph
  9509 | D:9      | Reached skill level 5 in Staves
  9548 | D:9      | Reached *** piety under Vehumet
 10435 | D:10     | Entered Level 10 of the Dungeon
 10435 | D:10     | Noticed Nergalle
 10456 | D:10     | Killed Nergalle
 10771 | D:10     | Noticed a death yak
 10775 | D:10     | Noticed a death yak
 10775 | D:10     | Noticed Erica
 10781 | D:10     | Noticed a death yak
 10787 | D:10     | Killed a death yak
 10791 | D:10     | Killed Erica
 10791 | D:10     | Offered knowledge of Sticky Flame by Vehumet.
 10791 | D:10     | Reached skill level 7 in Poison Magic
 10791 | D:10     | Reached XP level 11. HP: 65/85 MP: 9/19
 11035 | D:10     | Noticed Josephine
 11035 | D:10     | Noticed Urug
 11579 | D:10     | Found a staircase to the Lair.
 11823 | D:9      | Killed Urug
 11823 | D:9      | Reached skill level 1 in Throwing
 11983 | D:10     | Found a staircase to the Orcish Mines.
 12078 | D:10     | Killed a death yak
 12079 | D:10     | Killed a death yak
 12088 | D:10     | Reached **** piety under Vehumet
 12124 | D:10     | Learned a level 4 spell: Sticky Flame
 12287 | D:10     | Killed Josephine
 12287 | D:10     | Reached skill level 5 in Dodging
 12675 | D:10     | Offered knowledge of Lightning Bolt by Vehumet.
 12930 | D:11     | Noticed a four-headed hydra
 12990 | D:11     | Got a creamy pearl robe
 13009 | D:11     | Identified the +0 robe "Cigywi" {rF+} (You found it on level 11 of the Dungeon)
 13196 | D:11     | Killed a four-headed hydra
 13312 | D:11     | Noticed a cyan ugly thing
 13330 | D:11     | Killed a cyan ugly thing
 13409 | D:11     | Found a shadowy altar of Dithmenos.
 13484 | D:11     | Reached skill level 5 in Fighting
 13517 | D:11     | Reached XP level 12. HP: 94/94 MP: 19/22
 14046 | D:11     | Reached skill level 5 in Armour
 14046 | D:11     | Reached skill level 8 in Poison Magic
 14094 | D:11     | Reached skill level 5 in Earth Magic
 14227 | D:12     | Noticed an eight-headed hydra
 14304 | D:12     | Noticed a two-headed ogre
 14305 | D:12     | Killed an eight-headed hydra
 14313 | D:12     | Killed a two-headed ogre
 14377 | D:12     | Learned a level 5 spell: Lee's Rapid Deconstruction
 14436 | D:12     | Noticed an ice dragon
 14464 | D:12     | Killed an ice dragon
 14464 | D:12     | Reached skill level 5 in Shields
 14822 | D:12     | Noticed a five-headed hydra
 14846 | D:12     | Killed a five-headed hydra
 14979 | D:12     | Reached ***** piety under Vehumet
 14979 | D:12     | Offered knowledge of Conjure Ball Lightning by Vehumet.
 15052 | D:12     | Noticed a four-headed hydra
 15053 | D:12     | Reached skill level 1 in Polearms
 15389 | D:12     | Noticed a death knight
 15404 | D:12     | Killed a death knight
 15569 | D:12     | Noticed a two-headed ogre
 15579 | D:12     | Killed a two-headed ogre
 15579 | D:12     | Reached skill level 9 in Poison Magic
 15792 | D:12     | Identified the Disquisition on Burning Good Luck
 15809 | D:12     | Noticed a two-headed ogre
 15829 | D:12     | Killed a four-headed hydra
 16068 | D:12     | Reached XP level 13. HP: 74/102 MP: 24/24
 16857 | Lair:1   | Entered Level 1 of the Lair of Beasts
 16947 | Lair:1   | Found a labyrinth entrance.
 16965 | Lab      | Entered a labyrinth
 17560 | Lab      | Noticed a minotaur
 17575 | Lab      | Killed a minotaur
 17638 | Lair:1   | Learned a level 2 spell: Blink
 18011 | Lair:1   | Reached skill level 5 in Conjurations
 18439 | Lair:2   | Found a staircase to the Snake Pit.
 18815 | Lair:2   | Offered knowledge of Bolt of Draining by Vehumet.
 19483 | Snake:1  | Entered Level 1 of the Snake Pit
 19796 | Lair:3   | Found a staircase to the Swamp.
 19823 | Swamp:1  | Entered Level 1 of the Swamp
 20903 | Lair:4   | Noticed an entropy weaver
 20929 | Lair:4   | Killed an entropy weaver
 21111 | Lair:4   | Noticed an entropy weaver
 21500 | Lair:4   | Reached skill level 10 in Poison Magic
 21500 | Lair:4   | Reached XP level 14. HP: 88/110 MP: 23/26
 21680 | Lair:4   | Killed an entropy weaver
 21989 | Lair:4   | Offered knowledge of Freezing Cloud by Vehumet.
 22209 | Lair:4   | Found a burning altar of Makhleb.
 22782 | Lair:5   | Identified a scroll of acquirement
 23343 | Lair:6   | Entered Level 6 of the Lair of Beasts
 25100 | Lair:6   | Found a glowing silver altar of Zin.
 25259 | Lair:6   | Found a staircase to the Slime Pits.
 25708 | Lair:6   | Found a burning altar of Makhleb.
 26359 | Lair:6   | Slain by an ice devil

Skill      XL: |  1  2  3  4  5  6  7  8  9 10 11 12 13 14 |
---------------+-------------------------------------------+-----
Armour         | 1 2 3 4 5 6 7 |  7.1
Fighting       | 1 2 3 4 5 6 7 |  7.1
Conjurations   | 1 2 3 4 5 |  5.8
Spellcasting   | 2 3 4 5 6 7 8 9 |  9.8
Poison Magic   | 3 4 5 6 7 9 10 | 10.6
Air Magic      | 1 2 3 |  3.2
Dodging        | 3 4 5 6 7 |  7.0
Evocations     | 1 2 3 |  3.6
Earth Magic    | 1 2 3 4 5 6 7 |  7.2
Staves         | 2 3 5 6 |  6.0
Shields        | 2 4 5 6 |  6.4
Throwing       | 2 3 |  3.0
Polearms       | 1 3 4 |  4.2
Stealth        | |  1.5

Action                   |  1- 3 |  4- 6 |  7- 9 | 10-12 | 13-15 || total
-------------------------+-------+-------+-------+-------+-------++-------
Melee: Unarmed           |    24 |       |       |       |       ||    24
       Headbutt          |    12 |     9 |    25 |    88 |   105 ||   239
       Club              |    46 |    45 |       |       |       ||    91
       Flail             |       |    17 |    51 |       |       ||    68
       Trident           |       |       |   143 |   478 |   543 ||  1164
       Staff             |       |       |       |       |    68 ||    68
Throw: Javelin           |       |       |     4 |    14 |    11 ||    29
 Cast: Sting             |    44 |    60 |    20 |    14 |    15 ||   153
       Poisonous Vapours |     3 |    25 |    71 |   178 |   148 ||   425
       Mephitic Cloud    |       |     1 |    17 |    46 |    24 ||    88
       Olgreb's Toxic Ra |       |       |     3 |    33 |    67 ||   103
       Stone Arrow       |       |       |       |    62 |   182 ||   244
       Lee's Rapid Decon |       |       |       |     2 |    17 ||    19
       Blink             |       |       |       |       |     1 ||     1
Evoke: Wand              |       |       |       |     3 |     3 ||     6
       Sack of spiders   |       |       |       |       |     1 ||     1
  Use: Scroll            |       |    11 |     7 |    13 |    13 ||    44
       Potion            |       |       |     1 |     6 |     3 ||    10
 Stab: Sleeping          |       |     1 |     2 |     1 |     4 ||     8
       Confused          |       |       |     6 |     3 |     2 ||    11
  Eat: Chunk             |     3 |     9 |    17 |    26 |    27 ||    82
       Royal jelly       |       |     1 |     1 |     7 |     9 ||    18
       Fruit             |       |       |       |     4 |       ||     4
Armor: Robe              |    11 |     9 |    32 |    38 |       ||    90
       Troll leather arm |       |       |       |    63 |   110 ||   173
Dodge: Dodged            |    53 |    38 |   118 |   302 |   358 ||   869
Block: Other             |       |       |    18 |     8 |       ||    26
       Buckler           |       |       |       |   180 |   257 ||   437
       Reflection        |       |       |       |    18 |     1 ||    19
